 Dungeon Crawl Stone Soup version 0.29-a0-356-g7bc237e783 (webtiles) character file.

Game seed: 11743610715991215003

7513 freelancePsychic the Destroyer (level 10, -1/77 HPs)
             Began as a Demonspawn Enchanter on Apr 26, 2022.
             Was an Initiate of Gozag.
             Slain by a meliai
             ... wielding a +0 hand axe
              (9 damage)
             ... on level 10 of the Dungeon.
             The game lasted 00:27:03 (13336 turns).

freelancePsychic the Destroyer (DsEn)              Turns: 13336, Time: 00:27:04

Health: -1/77      AC:  4    Str:  8    XL:     10   Next: 95%
Magic:  10/18      EV: 12    Int: 20    God:    Gozag
Gold:   307        SH:  0    Dex: 13    Spells: 10/19 levels left

rFire   . . .      SeeInvis .   a - +0 dagger (venom)
rCold   + . .      Faith    .   (no shield)
rNeg    . . .      Spirit   .   E - +1 robe of Limited Liability {rElec Will+ Dex-2}
rPois   .          Reflect  .   (no helmet)
rElec   +          Harm     .   s - +0 cloak
rCorr   .          Rampage  .   (no gloves)
Will    +....                   (no boots)
Stlth   +++.......              (no amulet)
HPRegen 3.22/turn               B - ring of protection from cold
MPRegen 0.16/turn               i - ring of wizardry

@: lethally poisoned (-1 -> -12), gold aura
A: hooves 1, powered by death 3, demonic magic 2
a: Renounce Religion, Potion Petition, Call Merchant, Bribe Branch


You were on level 10 of the Dungeon.
You worshipped Gozag.
Gozag was aware of your devotion.
You visited 2 branches of the dungeon, and saw 11 of its levels.

You collected 1322 gold pieces.
You spent 908 gold pieces at shops.
You paid 107 gold pieces to Gozag.

Inventory:

Hand Weapons
 a - a +0 dagger of venom (weapon)
 m - the +7 Throatcutter {drain, coup de grace}
   (You found it on level 2 of the Dungeon)

   A truly terrible weapon, it drains the life of any living foe it strikes.
   It may instantly kill foes which have little health.
Missiles
 x - 254 stones
Armour
 s - a +0 cloak (worn)
 w - a +0 buckler
 E - the +1 robe of Limited Liability (worn) {rElec Will+ Dex-2}
   (You bought it in a shop on level 6 of the Dungeon)

   Dex:       It affects your dexterity (-2).
   rElec:     It insulates you from electricity.
   Will:      It increases your willpower.
Magical Staves
 k - a staff of fire
Jewellery
 i - a ring of wizardry (right hand)
 j - a ring of willpower
 B - a ring of protection from cold (left hand)
 C - a +4 ring of protection
Wands
 r - a wand of acid (13)
 H - a wand of iceblast (8)
Scrolls
 e - 6 scrolls of teleportation {@r4}
 f - 2 scrolls of brand weapon
 p - 2 scrolls of enchant armour
 v - a scroll of fear {unknown}
 y - a scroll of summoning
 A - a scroll of blinking
 D - 2 scrolls of immolation
 F - 2 scrolls of amnesia
 G - a scroll of vulnerability
 I - a scroll of noise {unknown}
Potions
 b - 2 potions of heal wounds {unknown}
 c - a potion of invisibility
 g - 2 potions of resistance {unknown}
 h - 2 potions of ambrosia {unknown}
 l - 6 potions of curing {@q1}
 n - a potion of degeneration {unknown}
 o - a potion of lignification {unknown}
 q - a potion of haste {unknown}
 t - a potion of flight {unknown}
 u - a potion of cancellation {unknown}
 z - 3 potions of brilliance {unknown}


   Skills:
 + Level 6.4 Fighting
 - Level 5.0 Short Blades
 - Level 1.7 Dodging
 - Level 5.0 Stealth
 + Level 5.4 Spellcasting
 - Level 8.2 Conjurations
 - Level 3.1 Hexes
 * Level 5.8 Transmutations
 * Level 2.1 Fire Magic
 - Level 0.5 Ice Magic
 - Level 2.1 Air Magic
 - Level 4.1 Earth Magic
 + Level 3.3 Poison Magic


You had 10 spell levels left.
You knew the following spells:

 Your Spells              Type           Power      Damage    Failure   Level
a - Sandblast             Erth           44%        2d11      1%          1
b - Poisonous Vapours     Pois/Air       32%        N/A       2%          2
c - Ignite Poison         Fire/Tmut/Pois 20%        N/A       2%          3
d - Stone Arrow           Conj/Erth      60%        3d10      1%          3

Your spell library contained the following spells:

 Spells                   Type           Power      Damage    Failure   Level
 Foxfire                  Conj/Fire      100%       2x1d9     1%          1
 Magic Dart               Conj           100%       1d8       1%          1
 Passwall                 Tmut/Erth      20%        N/A       1%          2
 Dazzling Flash           Conj/Hex       56%        N/A       1%          3
 Mephitic Cloud           Conj/Pois/Air  23%        N/A       1%          3
 Ensorcelled Hibernation  Hex/Ice        24%        N/A       3%          2
 Apportation              Tloc           10%        N/A       4%          1
 Corpse Rot               Necr/Air       18%        N/A       4%          2
 Confusing Touch          Hex            17%        N/A       4%          3
 Tukima's Dance           Hex            17%        N/A       4%          3
 Flame Wave               Conj/Fire      26%        2d7       5%          4
 Call Imp                 Summ           5%         N/A       7%          2
 Portal Projectile        Hex/Tloc       22%        N/A       7%          3
 Ignition                 Fire           7%         3d4       100%        8
 Fire Storm               Conj/Fire      13%        8d3       100%        9


Dungeon Overview and Level Annotations

Branches:
Dungeon (10/15)            Temple (1/1) D:5            Lair (0/6) D:9
    Orc: D:9-12

Altars:
Ashenzari
Elyvilon
Fedhas
Gozag
Hepliaklqana
Kikubaaqudgha
Makhleb
Nemelex Xobeh
Okawaru
Qazlal
Ru
Sif Muna
Trog
Vehumet
Xom

Shops:
D:1 *   D:5 *   D:6 [:*


Innate Abilities, Weirdness & Mutations

You have large cloven feet.
You regenerate a lot of health from kills.
Spells you cast may paralyse nearby enemies.


Message History

Casting: Poisonous Vapours (safe; 2% risk of failure)
Confirm with . or Enter, or press ? or * to list all spells.
You ignite the poison in your surroundings!
The meliai seems to burn from within.
The meliai is moderately wounded.
The meliai seems to burn from within!!
The meliai is almost dead.
Malevolent energies surge around you.
The meliai suddenly stops moving! x2
The helpless meliai fails to defend itself.
You impale the meliai!!
You kill the meliai!
The meliai barely misses you. The meliai closely misses you.
Your Fire Magic skill increases to level 2!
Unknown command.
Casting: Ignite Poison (dangerous; 3% risk of failure)
Confirm with . or Enter, or press ? or * to list all spells.
Aiming: Poisonous Vapours (safe; 2% risk of failure)
Press: ? - help, Dir - move target, f/p - meliai
Aim: a meliai, wielding a +0 hand axe and wearing a +0 leather armour (almost dead, paralysed) Poisonous vapours surround the meliai!
The meliai is poisoned.
Malevolent energies surge around you.
The meliai is no longer paralysed.
The meliai hits you with a +0 hand axe!
The meliai stings you but does no damage.
The meliai hits you but does no damage.
The meliai stings you but does no damage.
You miss the meliai.
You kill the meliai!
The meliai hits you with a +0 hand axe! The meliai stings you!
You are poisoned.
The meliai poisons you!
You closely miss the meliai. Your kick misses the meliai.
You feel very sick. The meliai hits you with a +0 hand axe!
The meliai stings you.
* * * LOW HITPOINT WARNING * * *
You are more poisoned.
The meliai poisons you! The meliai hits you with a +0 hand axe!
* * * LOW HITPOINT WARNING * * *
The meliai stings you!
You die...
Your body crumbles into a pile of gold.

##...## #.
##...## #.
##.....## ..
#..##...####
#.
##..###......
#.# #..##
##.....
#..#####..#
#...##
#........#
#..###
#$@......#
#..###
#..y########
#...## #...
##.... #...
##... #...
##.. #... #..
#... #.. ##.#
#.. ##..


You could see a meliai.

Vanquished Creatures
  2 two-headed ogres
  A kobold demonologist (D:10)
  3 trolls
  Grinder (D:4)
  2 meliai (D:10)
  Sigmund (D:6)
  A ynoxinul (D:9)
  3 wyverns
  4 yaks (D:9)
  A steam dragon (D:7)
  Menkaure (D:4)
  2 wargs (D:9)
  Edmund (D:6)
  An acid dragon (D:10)
  Duvessa (D:4)
  A water moccasin (D:8)
  A sky beast (D:8)
  2 orc warriors
  2 black bears
  An ice beast (D:7)
  2 phantoms
  A necrophage (D:6)
  2 kobold brigands
  2 bullfrogs
  3 scorpions
  Dowan (D:4)
  6 killer bees
  2 jellies
  4 hounds
  3 gnoll shamans
  6 orc priests
  4 iguanas
  6 orc wizards
  Robin (D:3)
  6 adders
  19 gnolls
  2 white imps
  2 ufetubi
  2 dart slugs
  33 orcs
  5 bats
  6 endoplasms
  A giant cockroach (D:1)
  16 goblins
  12 hobgoblins
  2 jackals (D:3)
  6 quokkas
  3 ball pythons
  3 frilled lizards
  13 kobolds
  6 rats
212 creatures vanquished.

Vanquished Creatures (others)
  An orc wizard (D:7)
  2 orcs
  A goblin (D:3)
4 creatures vanquished.

Grand Total: 216 creatures vanquished

Notes
Turn   | Place    | Note
-------+----------+-------------------------------------------
     0 | D:1      | freelancePsychic the Demonspawn Enchanter began the quest
                  | for the Orb.
     0 | D:1      | Reached XP level 1. HP: 13/13 MP: 3/3
   109 | D:1      | Found Tigail's Assorted Antiques.
   558 | D:1      | Reached skill level 1 in Short Blades
   856 | D:1      | Found a faded altar of an unknown god.
   917 | D:2      | Gained mutation: Spells you cast may paralyse adjacent
                  | enemies. [demonic ancestry]
   917 | D:2      | Reached XP level 2. HP: 19/20 MP: 5/5
   993 | D:2      | Learned a level 2 spell: Ensorcelled Hibernation
  1360 | D:2      | Learned a level 2 spell: Poisonous Vapours
  1421 | D:2      | Reached skill level 1 in Poison Magic
  1626 | D:2      | Found the +7 Throatcutter {drain, coup de grace}
  1641 | D:2      | Reached XP level 3. HP: 20/25 MP: 3/6
  1860 | D:2      | Reached skill level 1 in Air Magic
  2065 | D:3      | Identified the +1 chain mail of Iterutism {rF+ Int+4}
  2281 | D:3      | Reached skill level 1 in Fighting
  2570 | D:3      | Gained mutation: You regenerate a little health from kills.
                  | [demonic ancestry]
  2570 | D:3      | Reached XP level 4. HP: 32/32 MP: 4/7
  2609 | D:3      | Noticed Robin
  2643 | D:3      | Killed Robin
  2870 | D:3      | Noticed a black bear
  2878 | D:3      | Killed a black bear
  2879 | D:3      | Reached XP level 5. HP: 25/38 MP: 1/8
  3541 | D:4      | Noticed Menkaure
  3592 | D:4      | Reached skill level 1 in Earth Magic
  3781 | D:4      | Reached skill level 1 in Conjurations
  3781 | D:4      | Gained mutation: You have large cloven feet. [demonic
                  | ancestry]
  3781 | D:4      | Reached XP level 6. HP: 37/44 MP: 2/9
  4076 | D:4      | Noticed Grinder
  4182 | D:5      | Entered Level 5 of the Dungeon
  4458 | D:5      | Learned a level 1 spell: Sandblast
  4610 | D:5      | Reached skill level 2 in Conjurations
  4614 | D:5      | Learned a level 3 spell: Stone Arrow
  4655 | D:5      | Found a staircase to the Ecumenical Temple.
  4768 | D:5      | Gained mutation: You regenerate health from kills. [demonic
                  | ancestry]
  4768 | D:5      | Reached XP level 7. HP: 51/51 MP: 9/11
  4915 | D:5      | Found Tuplock's Fire Supplies.
  4968 | Temple   | Entered the Ecumenical Temple
  5003 | Temple   | Became a worshipper of Ru the Awakened
  5729 | D:6      | Reached skill level 3 in Conjurations
  5828 | D:6      | Found Sumpopni's Assorted Antiques.
  5970 | D:4      | Killed Grinder
  5971 | D:4      | Reached skill level 4 in Conjurations
  5971 | D:4      | Reached XP level 8. HP: 48/58 MP: 8/12
  6013 | D:4      | Noticed Duvessa
  6013 | D:4      | Noticed Dowan
  6031 | D:4      | Killed Duvessa
  6032 | D:4      | Killed Dowan
  6965 | D:4      | Killed Menkaure
  6966 | D:4      | Reached skill level 5 in Conjurations
  7401 | D:6      | Noticed Sigmund
  7415 | D:6      | Killed Sigmund
  7502 | D:6      | Found Ytafuro's Book Shoppe.
  7806 | Temple   | Fell from the grace of Ru
  7806 | Temple   | Became a worshipper of Gozag Ym Sagoz the Greedy
  7923 | D:6      | Gained mutation: Spells you cast may paralyse nearby
                  | enemies. [demonic ancestry]
  7923 | D:6      | Reached XP level 9. HP: 52/66 MP: 5/14
  8087 | D:6      | Found Plog's Antique Armour Emporium.
  8089 | D:6      | Noticed Edmund
  8096 | D:6      | Killed Edmund
  8162 | D:6      | Bought a ripped robe for 188 gold pieces
  8162 | D:6      | Identified the +1 robe of Limited Liability {rElec Will+
                  | Dex-2} (You bought it in a shop on level 6 of the Dungeon)
  8215 | D:6      | Reached skill level 1 in Transmutations
  8579 | D:7      | Reached skill level 6 in Conjurations
  9565 | D:8      | Noticed a two-headed ogre
  9598 | D:8      | Killed a two-headed ogre
  9599 | D:8      | Reached skill level 5 in Fighting
  9599 | D:8      | Reached skill level 5 in Short Blades
 10163 | D:8      | Reached skill level 7 in Conjurations
 10213 | D:8      | Found a radiant altar of Vehumet.
 10417 | D:9      | Gained mutation: You regenerate a lot of health from kills.
                  | [demonic ancestry]
 10417 | D:9      | Reached XP level 10. HP: 40/74 MP: 1/16
 10971 | D:9      | Found a staircase to the Lair.
 11193 | D:9      | Noticed a two-headed ogre
 11752 | D:9      | Killed a two-headed ogre
 11753 | D:9      | Reached skill level 5 in Stealth
 11753 | D:9      | Reached skill level 5 in Spellcasting
 11898 | D:9      | Found a shimmering blue altar of Sif Muna.
 11941 | D:9      | Reached skill level 8 in Conjurations
 11941 | D:9      | Reached skill level 5 in Transmutations
 11981 | D:9      | Got Sif Muna's Incunabulum of Translocation
 11986 | D:9      | Found a bloodstained altar of Trog.
 12127 | D:9      | Found a shimmering altar of Xom.
 12387 | D:5      | Bought the Almanac of Ignition for 720 gold pieces
 12391 | D:5      | Learned a level 3 spell: Ignite Poison
 12806 | D:10     | Entered Level 10 of the Dungeon
 12885 | D:10     | Reached skill level 1 in Fire Magic
 13336 | D:10     | Slain by a meliai

Illustrated notes

Levels and vault maps discovered:
D:1:      minmay_arrival_cross, layout_loops_ring,
          dilly_ecumenical_altar_fadedgnrine, serial_shops, shop,
          chequers_serial_rivers_micro_b
D:2:      layout_loops_ring
D:3:      kennysheep_the_goblin_king, layout_basic, minmay_pentomino_pile,
          uniq_robin
D:4:      layout_rooms, minmay_misc_feat_nine_boxes, uniq_crazy_yiuf_cottage,
          uniq_duvessa, uniq_grinder, uniq_menkaure
D:5:      layout_loops_ring, minmay_temple_entry_tees, nicolae_shop_fire_sale
          [nicolae_sub_dead_trees]
D:6:      layout_loops_ring, serial_shops, nicolae_shop_behind_doors,
          nicolae_inconvenience_store, nicolae_shop_competitors_out_of_business,
          uniq_edmund, uniq_sigmund
D:7:      layout_cave_pools
D:8:      layout_loops_ring, fiery_altar_vehumet
D:9:      layout_irregular_city, nzn_overflow_gifts_of_might_and_magic,
          mainiacjoe_overflow_surrounded_room, kennysheep_little_box,
          erik_lair_orcish_takeover
D:10:     layout_roguey, grunt_temple_overflow_octagram, nicolae_sextant,
          chequers_serial_rivers_small_b
Temple:   eino_temple_lava

Skill      XL: |  1  2  3  4  5  6  7  8  9 10 |
---------------+-------------------------------+-----
Short Blades   | 1 2 3 4 5 |  5.0
Poison Magic   | 1 2 3 |  3.3
Air Magic      | 1 2 |  2.1
Fighting       | 1 2 3 4 5 6 |  6.4
Earth Magic    | 1 2 3 4 |  4.1
Conjurations   | 1 2 4 5 7 8 |  8.2
Spellcasting   | 3 4 5 |  5.4
Stealth        | 3 4 5 |  5.0
Transmutations | 3 5 |  5.8
Fire Magic     | 2 |  2.1
Dodging        | |  1.7
Hexes          | |  3.1
Ice Magic      | |  0.5

Action                   |  1- 3 |  4- 6 |  7- 9 | 10-12 || total
-------------------------+-------+-------+-------+-------++-------
Melee: Dagger            |    95 |   111 |   192 |    62 ||   460
       Kick              |       |    11 |    40 |    11 ||    62
       Punch             |       |     2 |     1 |     3 ||     6
 Cast: Ensorcelled Hiber |     8 |    13 |       |       ||    21
       Poisonous Vapours |     5 |    29 |    74 |    24 ||   132
       Sandblast         |       |     6 |    18 |       ||    24
       Stone Arrow       |       |       |    27 |    22 ||    49
       Ignite Poison     |       |       |       |     4 ||     4
  Use: Scroll            |       |     8 |     1 |     6 ||    15
       Potion            |       |     1 |       |     1 ||     2
 Stab: Sleeping          |     9 |     9 |     2 |     1 ||    21
       Paralysed         |     9 |    12 |    41 |    18 ||    80
       Distracted        |       |       |     1 |       ||     1
Armor: Leather armour    |    21 |    32 |    21 |       ||    74
       Robe              |       |       |    16 |    11 ||    27
Dodge: Dodged            |    52 |    44 |   131 |    30 ||   257

Table legend: (Time is in decaauts)
 A = Elapsed time spent in this place.
 B = Non-inter-level travel time spent in this place.
 C = Inter-level travel time spent in this place.
 D = Time resting spent in this place.
 E = Time spent auto-exploring this place.
 F = Levels seen in this place.
 G = Mean time per level.
                   A        B        C        D        E       F      G
               +--------+--------+--------+--------+--------+-----+--------+
         Total |  13287 |  12495 |    792 |   1254 |   9307 |  11 | 1207.9 |
       Dungeon |  13228 |  12458 |    770 |   1254 |   9307 |  10 | 1322.8 |
        Temple |     59 |     37 |     22 |      0 |      0 |   1 |   59.0 |
               +--------+--------+--------+--------+--------+-----+--------+

Top non-repeatable levels by time:
     D:8: 1849 daAuts
     D:9: 1724 daAuts
     D:5: 1709 daAuts
     D:3: 1699 daAuts
     D:2: 1452 daAuts
     D:6: 1441 daAuts
     D:4: 1336 daAuts
     D:1: 906 daAuts
     D:7: 585 daAuts
    D:10: 523 daAuts
  Temple: 59 daAuts
